 Dungeon Sprint DCSS version 0.29.1-15-g9cfb28693d (webtiles) character file.

Game seed: 12595858508438554913

1855 Groucho the Protected (level 9, -1/63 HPs)
             Began as a Gargoyle Fighter on Apr 29, 2023.
             Was a Believer of Qazlal.
             Slain by a tengu warrior
             ... wielding a +0 broad axe
              (3 damage)
             ... in the Dungeon (Sprint IX: "|||||||||||||||||||||||||||||").
             The game lasted 00:02:42 (486 turns).

Groucho the Protected (Gargoyle Fighter)             Turns: 486, Time: 00:02:42

Health: -1/63      AC: 24    Str: 26    XL:     9   Next: 12%
Magic:  5/15       EV:  7    Int: 13    God:    Qazlal [**....]
Gold:   0          SH:  9    Dex:  9    Spells: 8/8 levels left

rFire   . . .      SeeInvis .   n - +2 morningstar (vorpal)
rCold   . . .      Faith    .   c - +0 buckler
rNeg    + . .      Spirit   .   p - +0 plate armour
rPois   ∞          Reflect  .   o - +0 helmet
rElec   +          Harm     .   a - +0 cloak
rCorr   .          Rampage  .   (no gloves)
Will    .....      NoTele   +   (no boots)
Stlth   ..........              (no amulet)
HPRegen 0.20/turn               q - +3 ring of strength
MPRegen 0.14/turn               b - +3 ring of intelligence

@: on berserk cooldown, hasted and slowed
A: sickness immunity, AC +6, negative energy resistance 1, electricity
resistance, torment resistance 1, petrification resistance
a: Renounce Religion, Upheaval


You were in the Dungeon.
You worshipped Qazlal.
Qazlal was pleased with you.
You visited 1 branch

Inventory:

Hand Weapons
 n - a +2 vorpal morningstar (weapon)
Armour
 a - a +0 cloak (worn)
 c - a +0 buckler (worn)
 o - a +0 helmet (worn)
 p - a +0 plate armour (worn)
Jewellery
 b - a +3 ring of intelligence (right hand)
 q - a +3 ring of strength (left hand)
Wands
 m - a wand of quicksilver (10)
Scrolls
 j - 2 scrolls of blinking
 l - 2 scrolls of amnesia
Potions
 d - a potion of might
 e - 3 potions of curing
 h - 4 potions of magic


   Skills:
 + Level 10.7 Fighting
 + Level 9.6 Maces & Flails
 + Level 10.7 Armour
 + Level 10.7 Shields
 + Level 8.3 Invocations


You had 8 spell levels left.
You didn't know any spells.
Your spell library was empty.

Dungeon Overview and Level Annotations

Branches:
Dungeon (1/1)

Altars:
Cheibriados
Dithmenos
Elyvilon
Fedhas
Gozag
Hepliaklqana
Kikubaaqudgha
Makhleb
Nemelex Xobeh
Okawaru
Qazlal
Ru
Sif Muna
Trog
Uskayaw
Vehumet
Wu Jian
Xom
Yredelemnul
Zin
The Shining One
Jiyva
Lugonu


Innate Abilities, Weirdness & Mutations

You are immune to sickness and miasma.
Your stone body is resilient. (AC +6)
You are immune to poison.
You resist negative energy. (rN+)
You are resistant to electric shocks. (rElec)
You are resistant to unholy torment.
You are immune to petrification.


Message History

Unknown command.
The tengu warrior blocks your attack.
The tengu warrior is almost dead.
You block the tengu warrior's attack.
The tengu warrior pecks you but does no damage.
The tengu warrior claws you but does no damage.
The tengu warrior blocks your attack.
The tengu warrior is almost dead.
The tengu warrior closely misses you.
The tengu warrior pecks you but does no damage.
You block the tengu warrior's attack.
Unknown command.
Unknown command.
The tengu warrior blocks your attack.
The tengu warrior is almost dead.
The tengu warrior barely misses you. The tengu warrior pecks you.
* * * LOW HITPOINT WARNING * * *
The tengu warrior completely misses you.
Unknown command.
Unknown command.
The tengu warrior blocks your attack.
The tengu warrior is almost dead.
The tengu warrior hits you with a +0 broad axe.
* * * LOW HITPOINT WARNING * * *
The tengu warrior barely misses you.
The tengu warrior claws you but does no damage.
Unknown command.
Unknown command.
You hit the tengu warrior.
The tengu warrior is almost dead.
The tengu warrior hits you with a +0 broad axe!
* * * LOW HITPOINT WARNING * * *
You block the tengu warrior's attack. The tengu warrior claws you.
* * * LOW HITPOINT WARNING * * *
Unknown command.
Unknown command.
The tengu warrior blocks your attack.
The tengu warrior is almost dead.
You block the tengu warrior's attack. The tengu warrior pecks you.
You die...

▓'▓
▓)▓
▓.▓
▓.▓
▓.▓
▓.▓
▓.▓
▓†▓
▓@▓
▓Q▓
▓Y▓
▓.▓
▓.▓
▓.▓
▓+▓


You could see a tengu warrior and a yak shaped shifter.

Vanquished Creatures
  A centaur warrior (D)
  An ugly thing (D)
  2 trolls (D)
  A yak (D)
  A kobold brigand (D)
  A phantom (D)
  A wight (D)
  A jelly (D)
  An iguana (D)
  4 orc wizards (D)
  A ball python (D)
  An endoplasm (D)
  2 goblins (D)
  A quokka (D)
  A rat (D)
20 creatures vanquished.

Notes
Turn   | Place    | Note
-------+----------+-------------------------------------------
     0 | D        | Groucho the Gargoyle Fighter began the quest for the Orb.
     0 | D        | Reached XP level 1. HP: 14/14 MP: 1/1
   253 | D        | Noticed an orc wizard
   253 | D        | Noticed a phantom
   253 | D        | Noticed a jelly
   253 | D        | Noticed an iguana
   260 | D        | Killed an orc wizard
   261 | D        | Reached XP level 2. HP: 11/20 MP: 2/2
   261 | D        | Reached XP level 3. HP: 14/24 MP: 3/3
   271 | D        | Killed a phantom
   272 | D        | Reached skill level 5 in Fighting
   272 | D        | Reached skill level 5 in Armour
   272 | D        | Reached skill level 5 in Shields
   272 | D        | Reached XP level 4. HP: 13/32 MP: 4/4
   280 | D        | Reached skill level 5 in Maces & Flails
   280 | D        | Reached XP level 5. HP: 2/36 MP: 5/5
   292 | D        | Found a snail-covered altar of Cheibriados.
   292 | D        | Found a shadowy altar of Dithmenos.
   292 | D        | Found a white marble altar of Elyvilon.
   292 | D        | Found a blossoming altar of Fedhas.
   292 | D        | Found an opulent altar of Gozag.
   293 | D        | Found a hazy altar of Hepliaklqana.
   294 | D        | Found a viscous altar of Jiyva.
   295 | D        | Found an ancient bone altar of Kikubaaqudgha.
   296 | D        | Found a corrupted altar of Lugonu.
   297 | D        | Found a burning altar of Makhleb.
   298 | D        | Found a sparkling altar of Nemelex Xobeh.
   299 | D        | Found an iron altar of Okawaru.
   300 | D        | Found a stormy altar of Qazlal.
   301 | D        | Found a sacrificial altar of Ru.
   302 | D        | Found a shimmering blue altar of Sif Muna.
   303 | D        | Found a bloodstained altar of Trog.
   304 | D        | Found a hide-covered altar of Uskayaw.
   305 | D        | Found a radiant altar of Vehumet.
   306 | D        | Found an ornate altar of the Wu Jian Council.
   307 | D        | Found a shimmering altar of Xom.
   308 | D        | Found a basalt altar of Yredelemnul.
   310 | D        | Became a worshipper of Qazlal Stormbringer
   312 | D        | Found a glowing silver altar of Zin.
   313 | D        | Found a glowing golden altar of the Shining One.
   366 | D        | Noticed a kobold brigand
   366 | D        | Noticed a yak
   369 | D        | Killed a kobold brigand
   370 | D        | Reached XP level 6. HP: 44/44 MP: 5/7
   411 | D        | Reached * piety under Qazlal
   414 | D        | Killed a yak
   426 | D        | Reached XP level 7. HP: 41/49 MP: 8/10
   427 | D        | Reached ** piety under Qazlal
   439 | D        | Noticed a troll
   439 | D        | Noticed a troll
   439 | D        | Noticed a centaur warrior
   439 | D        | Noticed a red ugly thing
   439 | D        | Noticed a tengu warrior
   439 | D        | Noticed a queen bee
   448 | D        | Noticed a komodo dragon
   448 | D        | a queen bee changed into a komodo dragon
   449 | D        | Killed a troll
   450 | D        | Reached skill level 5 in Invocations
   459 | D        | Killed a troll
   460 | D        | Reached XP level 8. HP: 56/56 MP: 2/12
   462 | D        | Killed a centaur warrior
   463 | D        | Reached skill level 10 in Fighting
   463 | D        | Reached skill level 10 in Armour
   463 | D        | Reached skill level 10 in Shields
   468 | D        | Killed a red ugly thing
   469 | D        | Reached XP level 9. HP: 63/63 MP: 3/15
   479 | D        | a komodo dragon changed into a yak
   485 | D        | HP: 3/63 [tengu warrior/+0 broad axe (9)]
   486 | D        | Slain by a tengu warrior

Illustrated notes

Levels and vault maps discovered:
D:        linesprint [early_d, line_temple, items_1, d_10, items_2, lair_1,
          lair_end, items_3, orc_1, orc_end, items_4, d_15, swamp_1, shoals_1,
          snake_1, spider_1, d_20, vaults_1, items_5, swamp_end, shoals_end,
          snake_end, spider_end, vaults_end, d_27, items_6, zot_1, zot_end,
          crypt_end, forest_end, elf_end, slime_end, tomb_end, abyss_end,
          pan_hell_end]

Skill      XL: |  1  2  3  4  5  6  7  8 |
---------------+-------------------------+-----
Fighting       | 4 5 6 7 8 9 10 | 10.7
Maces & Flails | 3 4 5 6 7 8 9 |  9.6
Armour         | 4 5 6 7 8 9 10 | 10.7
Shields        | 4 5 6 7 8 9 10 | 10.7
Invocations    | 2 4 6 8 |  8.3

Action                   |  1- 3 |  4- 6 |  7- 9 || total
-------------------------+-------+-------+-------++-------
Melee: Flail             |    32 |    13 |       ||    45
       Morningstar       |       |    46 |    39 ||    85
Invok: Upheaval          |       |       |     3 ||     3
  Use: Potion            |       |     3 |     5 ||     8
Armor: Scale mail        |    17 |     5 |       ||    22
       Plate armour      |       |    38 |    47 ||    85
Dodge: Dodged            |     7 |     8 |    32 ||    47
Block: Buckler           |     4 |     8 |    26 ||    38
